 Dungeon Crawl Stone Soup version 0.17.0-28-g6e173f8 (webtiles) character file.

162 PossumBlood the Conjurer (level 5, 0/32 HPs)
             Began as a High Elf Conjurer on Nov 25, 2015.
             Slain by Eustachio
             ... wielding a +0 falchion
              (4 damage)
             ... on level 4 of the Dungeon.
             The game lasted 00:13:47 (3365 turns).

PossumBlood the Conjurer (High Elf Conjurer)        Turns: 3365, Time: 00:13:47

Health: 0/32       AC:  7    Str:  7    XL:     5   Next: 19%
Magic:  1/11       EV: 13    Int: 20    God:
Gold:   198        SH:  0    Dex: 15    Spells: 1 memorised, 10 levels left

rFire  . . .     SeeInvis .     h - +0 dagger (flame)
rCold  . . .     Clarity  .     a - +1 robe
rNeg   . . .     SustAt   .     (no shield)
rPois  .         Gourm    .     (no helmet)
rElec  .         Spirit   .     n - +0 cloak
rCorr  .         Warding  .     (no gloves)
rMut   .         Stasis   .     o - +2 pair of boots
MR     .....                    (no amulet)
Stlth  ++........               (no ring)
                                (no ring)

@: not resistant to hostile enchantments, unstealthy
A: no striking features
a: no special abilities


You were on level 4 of the Dungeon.
You were not hungry.

You visited 1 branch of the dungeon, and saw 4 of its levels.

You collected 198 gold pieces.

Inventory:

Hand Weapons
 f - a +0 dagger
 h - a +0 dagger of flaming (weapon)
Armour
 a - a +1 robe (worn)
 n - a +0 cloak (worn)
 o - a +2 pair of boots (worn)
Jewellery
 g - an uncursed ring of positive energy {unknown}
Wands
 j - a wand of fire (9)
Scrolls
 k - 2 scrolls of remove curse
 m - 2 scrolls of magic mapping
Potions
 e - 2 potions of flight
Books
 b - a book of Conjurations

   Spells                             Type                      Level
   a - Magic Dart                     Conjuration                  1
   b - Searing Ray                    Conjuration                  2
   c - Dazzling Spray                 Conjuration/Hexes            3
   d - Fulminant Prism                Conjuration/Hexes            4
   e - Iskenderun's Mystic Blast      Conjuration                  4
   f - Iskenderun's Battlesphere      Conjuration/Charms           5
 l - a book of Conjurations

   Spells                             Type                      Level
   a - Magic Dart                     Conjuration                  1
   b - Searing Ray                    Conjuration                  2
   c - Dazzling Spray                 Conjuration/Hexes            3
   d - Fulminant Prism                Conjuration/Hexes            4
   e - Iskenderun's Mystic Blast      Conjuration                  4
   f - Iskenderun's Battlesphere      Conjuration/Charms           5
Comestibles
 c - 3 bread rations
 i - a beef jerky


   Skills:
 + Level 0.6 Fighting
 + Level 0.5 Short Blades
 + Level 3.1 Dodging
 + Level 2.5 Stealth
 + Level 3.7 Spellcasting
 + Level 5.7 Conjurations


You had 10 spell levels left.
You knew the following spells:

 Your Spells              Type           Power        Failure   Level  Hunger
a - Magic Dart            Conj           ####         1%          1    None


Dungeon Overview and Level Annotations

Branches:
Dungeon (4/15)
 Temple: D:4-7

Altars:
Fedhas
Gozag
Nemelex Xobeh
Qazlal
Zin

Annotations:
D:4 Eustachio


Message History

The bat barely misses you. The bat hits you.
* * * LOW HITPOINT WARNING * * *
Eustachio casts a spell.
The quokka closely misses you. The white imp gestures at you.
The puff of frost misses you.
The puff of frost hits the bat.
The bat dies!
The bat's corpse disappears in a puff of smoke!
You hit Eustachio. You burn Eustachio.
Eustachio is almost dead.
The white imp disappears in a puff of smoke!
The bat hits you but does no damage. Eustachio hits you but does no damage.
The bat closely misses you.
The quokka bites you but does no damage.
You hit Eustachio but do no damage.
Eustachio is almost dead.
The bat closely misses you. The bat hits you but does no damage.
The bat closely misses you. The shadow imp barely misses you.
Eustachio hits you with a falchion.
You die...

.. #.#.
#.#.#####
#.#.....
#......# # #
#......+.# .#
#......#.#.##
#....§b5....#
#.....@@5...#
#....§rb......
#......####[##
#..<...# #
#......#
...#.....#
.....##+#+##
.... ..


You could see Eustachio, a white imp, a shadow imp, a quokka and 2 bats.

Vanquished Creatures
  6 gnolls
  6 adders
  A giant gecko (D:2)
  3 bats
  2 giant cockroaches (D:1)
  3 goblins
  8 hobgoblins
  8 ball pythons
  2 giant newts (D:1)
  4 jackals (D:1)
  7 kobolds
  A quokka (D:2)
  6 rats
  4 fungi (D:3)
61 creatures vanquished.

Notes
Turn   | Place    | Note
--------------------------------------------------------------
     0 | D:1      | PossumBlood the High Elf Conjurer began the quest for the Orb.
     0 | D:1      | Reached XP level 1. HP: 11/11 MP: 4/4
   482 | D:1      | Reached XP level 2. HP: 15/17 MP: 2/6
   714 | D:1      | Reached skill level 5 in Conjurations
  1041 | D:2      | Found a stormy altar of Qazlal.
  1451 | D:2      | Reached XP level 3. HP: 19/21 MP: 1/8
  1640 | D:2      | Found an opulent altar of Gozag.
  1640 | D:2      | Found a glowing silver altar of Zin.
  1740 | D:2      | Found a blossoming altar of Fedhas.
  1854 | D:2      | Reached XP level 4. HP: 11/27 MP: 4/9
  2168 | D:2      | Found a sparkling altar of Nemelex Xobeh.
  2885 | D:3      | Reached XP level 5. HP: 27/32 MP: 3/11
  3340 | D:4      | Noticed Eustachio
  3365 | D:4      | Slain by Eustachio

Action                   |  1- 3 |  4- 6 || total
-------------------------+-------+-------++-------
Melee: Dagger            |    11 |   113 ||   124
 Cast: Magic Dart        |    67 |    79 ||   146
  Use: Scroll            |     6 |     1 ||     7
       Potion            |     3 |     3 ||     6
  Eat: Bread ration      |     1 |       ||     1
       Meat ration       |       |     1 ||     1
